 Dungeon Crawl Stone Soup version 0.26-a0-542-gbaa144ba5c (webtiles) character file.

Game seed: 659929148713075572

(classic levelgen) 27193 EnegeticOcto the Commander (level 13, -4/109 HPs)
             Began as a Deep Dwarf Fighter on Aug 18, 2020.
             Was a High Priest of Okawaru.
             Slain by a jumping spider (8 damage)
             ... on level 3 of the Spider Nest.
             The game lasted 00:16:18 (2681 turns).

EnegeticOcto the Commander (Deep Dwarf Fighter)     Turns: 2681, Time: 00:16:19

Health: -4/109     AC: 20    Str: 23      XL:     13   Next: 3%
Magic:  3/8        EV:  4    Int: 12      God:    Okawaru [*****.]
Gold:   466        SH:  0    Dex: 19 (20) Spells: 12/12 levels left

rFire    + + .     SeeInvis +   a - +1 war axe
rCold    . . .     Faith    +   c - +0 kite shield
rNeg     . . .     Spirit   .   z - +0 plate armour
rPois    +         Reflect  .   N - +1 hat {Int+3}
rElec    .         Harm     .   A - -1 cloak "Ogaguat" {rPois Regen+ Str-2 Dex+3}
rCorr    .                      D - +2 pair of gloves of Pragmatism {rF++}
MR       +....                  (no boots)
Stlth    ..........             j - amulet of the Garden {Faith Dex+5}
HPRegen  0.00/turn              C - +4 ring of protection
MPRegen  0.11/turn              F - ring of see invisible

@: lethally poisoned (-4 -> -4), held, non-regenerating
A: damage resistance, heal wounds, sense surroundings 2, no regeneration
a: Heal Wounds, Heroism, Finesse, Renounce Religion


You were on level 3 of the Spider Nest.
You worshipped Okawaru.
Okawaru was extremely pleased with you.
You visited 3 branches of the dungeon, and saw 18 of its levels.

You collected 466 gold pieces.

Inventory:

Hand Weapons
 a - a +1 war axe (weapon)
 i - a +0 scimitar of flaming
 y - a +1 war axe of flaming
Missiles
 g - 7 atropa-tipped darts (quivered)
 u - a throwing net {!f}
 w - 13 silver javelins
 H - 4 javelins
Armour
 b - a +0 scale mail
 c - a +0 kite shield (worn)
 n - a +0 chain mail
 q - a +0 cloak
 v - a +1 hat
 x - a +2 pair of gloves
 z - a +0 plate armour (worn)
 A - the -1 cloak "Ogaguat" (worn) {rPois Regen+ Str-2 Dex+3}
   (You found it on level 9 of the Dungeon)

   It affects your strength (-2).
   It affects your dexterity (+3).
   It protects you from poison.
   It increases your rate of regeneration.
 D - the +2 pair of gloves of Pragmatism (worn) {rF++}
   (Okawaru gifted it to you on level 10 of the Dungeon)

   It greatly protects you from fire.
 N - a +1 hat of intelligence (worn)
Jewellery
 j - the amulet of the Garden (around neck) {Faith Dex+5}
   (You found it on level 6 of the Dungeon)

   [amulet of faith]

   It allows you to gain divine favour quickly.
   It affects your dexterity (+5).
 p - an uncursed amulet of magic regeneration
 t - an uncursed ring of stealth
 C - a +4 ring of protection (left hand)
 F - a ring of see invisible (right hand)
Wands
 h - a wand of flame (26) {@v4}
 l - a wand of iceblast (2) {@v2}
 B - a wand of paralysis (7)
 I - a wand of random effects (17)
Scrolls
 e - 3 scrolls of remove curse {@r2}
 o - 2 scrolls of teleportation {@r3 !r}
Potions
 d - a potion of might {@q3 !q}
 f - 2 potions of degeneration
 k - 2 potions of brilliance
 m - a potion of invisibility {unknown}
 s - 3 potions of heal wounds {@q2 !q}
 E - a potion of berserk rage
 J - a potion of magic {unknown}
Miscellaneous
 M - a phantom mirror


   Skills:
 * Level 5.1 Fighting
 - Level 13.0 Axes
 + Level 4.8 Armour
 + Level 3.3 Dodging
 * Level 6.2 Shields
 + Level 19.2 Invocations
 * Level 5.8 Evocations


You had 12 spell levels left.
You didn't know any spells.
Your spell library contained the following spells:

 Spells                   Type           Power        Failure   Level
 Apportation              Tloc           #.....       100%        1
 Lesser Beckoning         Tloc           #.........   100%        3
 Tukima's Dance           Hex            #.......     100%        3
 Alistair's Intoxication  Tmut/Pois      #........    100%        5
 Invisibility             Hex            #.......     100%        6


Dungeon Overview and Level Annotations

Branches:
Dungeon (11/15)              Lair (4/6) D:9          Spider (3/4) Lair:4
 Temple: D:4-7        Swamp: Lair:2-4    Shoals: Lair:2-4       Orc: D:9-12

Altars:
Ashenzari
Cheibriados
Okawaru
The Shining One

Annotations:
Spider:2 3 runed translucent doors, Rhoefr4077's ghost, journeyman PaAK
Spider:3 Nikola


Innate Abilities, Weirdness & Mutations

You are resistant to damage.
You can heal yourself by infusing magical energy.
You passively map the area around you.
You do not regenerate.


Message History

You block the emperor scorpion's attack.
You block the jumping spider's attack.
The jumping spider bites you but does no damage.
You feel much better.
You feel like a meek peon again.
You feel sick. The jumping spider pounces on you!
You block the jumping spider's attack.
The demonic crawler hits you but does no damage. x3
The jumping spider pounces on you.
You are caught in a web!
The jumping spider bites you but does no damage.
The emperor scorpion barely misses you. The emperor scorpion claws you!
The emperor scorpion barely misses you.
The jumping spider pounces on you but does no damage.
The jumping spider bites you but does no damage.
The jumping spider leaps!
The demonic crawler hits you!
The demonic crawler hits you but does no damage. x2
The web tears apart.
You feel sick.
The jumping spider leaps! x2
The jumping spider pounces on you but does no damage.
You block the jumping spider's attack.
The jumping spider leaps!
You block the emperor scorpion's attack.
The emperor scorpion closely misses you.
The emperor scorpion claws you!
The jumping spider leaps!
The demonic crawler barely misses you.
The demonic crawler hits you but does no damage.
You block the demonic crawler's attack.
The jumping spider pounces on you but does no damage.
The jumping spider bites you but does no damage.
You feel much better.
You feel sick.
The wolf spider hisses angrily.
The jumping spider leaps!
The demonic crawler hits you but does no damage. x3
You block the jumping spider's attack.
The jumping spider bites you but does no damage.
The emperor scorpion stings you but does no damage.
The emperor scorpion claws you! The emperor scorpion claws you.
The jumping spider pounces on you.
You are caught in a web!
The jumping spider bites you.
The web tears apart.
The jumping spider leaps!
You block the jumping spider's attack. The jumping spider closely misses you.
The demonic crawler hits you but does no damage.
You block the demonic crawler's attack.
The demonic crawler hits you but does no damage.
The jumping spider leaps!
The jumping spider splashes around in the water. x2
The emperor scorpion stings you! The emperor scorpion claws you.
The emperor scorpion claws you but does no damage.
The jumping spider leaps!
The jumping spider pounces on you!
You are caught in a web!
The jumping spider bites you but does no damage.
You struggle to detach yourself from the web.
The demonic crawler hits you but does no damage.
The demonic crawler hits you.
The demonic crawler hits you but does no damage.
The jumping spider barely misses you. x2; The jumping spider leaps! x2
The jumping spider pounces on you but does no damage.
The jumping spider bites you but does no damage.
The jumping spider pounces on you!
* * * LOW HITPOINT WARNING * * *
You are even more entangled.
The jumping spider bites you but does no damage.
The emperor scorpion barely misses you.
The emperor scorpion claws you but does no damage. x2
The demonic crawler hits you.
The demonic crawler hits you but does no damage.
The demonic crawler completely misses you.
The jumping spider pounces on you.
* * * LOW HITPOINT WARNING * * *
The jumping spider splashes around in the water.
The web tears apart.
The jumping spider leaps!
The jumping spider pounces on you but does no damage.
You block the jumping spider's attack. x2
The jumping spider bites you but does no damage.
The demonic crawler hits you but does no damage.
The demonic crawler barely misses you. You block the demonic crawler's attack.
The jumping spider pounces on you.
* * * LOW HITPOINT WARNING * * *
You are caught in a web!
The jumping spider splashes around in the water.
The emperor scorpion stings you but does no damage.
The emperor scorpion claws you but does no damage.
The emperor scorpion barely misses you.
The jumping spider leaps!
The jumping spider pounces on you!
* * * LOW HITPOINT WARNING * * *
The jumping spider bites you but does no damage.
The jumping spider pounces on you but does no damage.
The jumping spider bites you but does no damage.
The web tears apart.
The jumping spider leaps!
The jumping spider barely misses you.
The jumping spider splashes around in the water.
The jumping spider leaps!
The demonic crawler closely misses you. You block the demonic crawler's attack.
The demonic crawler hits you.
* * * LOW HITPOINT WARNING * * *
The jumping spider pounces on you.
You are caught in a web!
The jumping spider bites you but does no damage.
The emperor scorpion stings you but does no damage.
The emperor scorpion claws you!
* * * LOW HITPOINT WARNING * * *
The emperor scorpion claws you but does no damage.
The jumping spider pounces on you!
You die...

....#.#.#
.........####
............##
.............###
..............≈###
........$......≈≈#
........^:..(s..###
.^.....s.....s†##≈##
......†.....##ss@s°##
.....†.......○†sss..≈#
.......^........s..#≈#
.........$.....^....≈#
................°..###
...$......s......^##
...#.............##
..^>............○.;
.................#;*


You could see an emperor scorpion, a demonic crawler, a wolf spider, an orb
spider (charged) and 6 jumping spiders.

Vanquished Creatures
  Gastronok (D:8)
  A ghost moth (Spider:3)
  The ghost of Aksej the Cleaver, a journeyman DsGl of Wu Jian (D:10)
  3 death yaks (D:9)
  2 two-headed ogres
  The ghost of Vruhakk the Blocker, a novice GrFi of Makhleb (D:10)
  2 skeletal warriors
  An unseen horror (D:10)
  7 wolf spiders
  An orb spider (Lair:4)
  An ugly thing (D:11)
  A moth of wrath (Spider:3)
  3 elephants (Lair:2)
  Maurice (D:8)
  Joseph (D:10)
  A black mamba (Lair:2)
  A cane toad (Lair:4)
  2 demonic crawlers (Spider:3)
  A komodo dragon (Lair:3)
  A troll (D:11)
  4 jumping spiders
  A hornet (Spider:3)
  4 blink frogs (Lair:2)
  2 hippogriffs
  A shadow (D:10)
  11 yaks
  5 tarantellas
  18 redbacks
  A wraith (D:11)
  2 water moccasins
  2 porcupines
  An ice beast (D:10)
  2 black bears
  2 sky beasts
  A phantom (D:6)
  A hornet zombie (D:9)
  An ogre (D:9)
  4 centaurs
  A crocodile (Lair:1)
  A gnoll sergeant (D:10)
  3 bullfrogs
  3 scorpions
  4 killer bees (D:9)
  4 wights (D:11)
  A howler monkey (D:6)
  A bullfrog zombie (D:10)
  2 jellies
  2 centaur zombies
  2 orc priests
  2 hounds
  2 bullfrog skeletons
  An iguana (D:10)
  4 orc wizards
  2 worker ants
  11 gnolls
  7 adders
  A white imp (D:6)
  An ooze (D:7)
  2 worms
  A dart slug (D:4)
  3 leopard geckos
  23 orcs
  A bat (D:1)
  A giant cockroach (D:8)
  3 goblins
  3 kobolds
  A quokka (D:8)
  A frilled lizard (D:3)
  A quokka skeleton (D:8)
  A rat (D:3)
192 creatures vanquished.

Vanquished Creatures (others)
  Erica (D:8)
  A wolf spider (Spider:3)
  A jumping spider (Spider:3)
  2 tarantellas (Spider:3)
5 creatures vanquished.

Grand Total: 197 creatures vanquished

Notes
Turn   | Place    | Note
-------+----------+-------------------------------------------
     0 | D:1      | EnegeticOcto the Deep Dwarf Fighter began the quest for the
                  | Orb.
     0 | D:1      | Reached XP level 1. HP: 20/20 MP: 1/1
   148 | D:2      | Reached skill level 3 in Axes
   148 | D:2      | Reached XP level 2. HP: 25/27 MP: 2/2
   182 | D:3      | Reached XP level 3. HP: 31/33 MP: 3/3
   194 | D:3      | Reached skill level 4 in Axes
   213 | D:3      | Reached skill level 5 in Axes
   213 | D:3      | Reached XP level 4. HP: 27/40 MP: 4/4
   247 | D:4      | Your magical essence is drained by the effort!
   271 | D:4      | Found a snail-covered altar of Cheibriados.
   280 | D:4      | Reached XP level 5. HP: 40/46 MP: 4/4
   286 | D:4      | Reached skill level 6 in Axes
   336 | D:5      | Entered Level 5 of the Dungeon
   342 | D:5      | Your magical essence is drained by the effort!
   425 | D:6      | Reached skill level 7 in Axes
   425 | D:6      | Reached XP level 6. HP: 42/55 MP: 4/4
   471 | D:6      | Reached skill level 8 in Axes
   536 | D:6      | Reached XP level 7. HP: 56/61 MP: 5/5
   543 | D:6      | Found an iron altar of Okawaru.
   547 | D:6      | Got a serpentine graven amulet
   558 | D:6      | Identified the amulet of the Garden {Faith Dex+5} (You
                  | found it on level 6 of the Dungeon)
   562 | D:6      | Became a worshipper of Warmaster Okawaru
   605 | D:6      | Found a glowing golden altar of the Shining One.
   613 | D:6      | Your magical essence is drained by the effort!
   620 | D:6      | Your magical essence is drained by the effort!
   632 | D:6      | Reached skill level 9 in Axes
   632 | D:6      | Reached skill level 1 in Invocations
   757 | D:8      | Noticed Erica
   765 | D:8      | Noticed a hippogriff
   773 | D:8      | Your magical essence is drained by the effort!
   784 | D:8      | Killed a hippogriff
   784 | D:8      | Reached skill level 3 in Invocations
   787 | D:8      | Your magical essence is drained by the effort!
   790 | D:8      | Noticed Maurice
   794 | D:8      | Reached XP level 8. HP: 55/68 MP: 4/4
   795 | D:8      | Killed Erica
   795 | D:8      | Reached skill level 10 in Axes
   795 | D:8      | Reached skill level 4 in Invocations
   814 | D:8      | Killed Maurice
   814 | D:8      | Reached * piety under Okawaru
   814 | D:8      | Reached skill level 11 in Axes
   814 | D:8      | Reached skill level 5 in Invocations
   927 | D:8      | Noticed Gastronok
   935 | D:8      | Reached skill level 6 in Invocations
   936 | D:8      | Noticed a two-headed ogre
   938 | D:8      | Your magical essence is drained by the effort!
   946 | D:8      | Killed a two-headed ogre
   946 | D:8      | Reached ** piety under Okawaru
   946 | D:8      | Reached skill level 12 in Axes
   946 | D:8      | Reached skill level 7 in Invocations
   946 | D:8      | Gained mutation: You passively map the area around you.
                  | [Deep Dwarf growth]
   946 | D:8      | Reached XP level 9. HP: 37/74 MP: 5/7
   951 | D:8      | Your magical essence is drained by the effort!
   955 | D:8      | Your magical essence is drained by the effort!
   962 | D:8      | Killed Gastronok
   962 | D:8      | Reached *** piety under Okawaru
   962 | D:8      | Reached skill level 13 in Axes
   962 | D:8      | Reached skill level 10 in Invocations
   962 | D:8      | Reached XP level 10. HP: 49/81 MP: 4/8
   987 | D:8      | Reached **** piety under Okawaru
  1091 | D:10     | Entered Level 10 of the Dungeon
  1113 | D:10     | Reached skill level 11 in Invocations
  1130 | D:10     | Your magical essence is drained by the effort!
  1151 | D:10     | Killed an unseen horror
  1151 | D:10     | Reached skill level 12 in Invocations
  1217 | D:11     | Your magical essence is drained by the effort!
  1265 | D:11     | Reached ***** piety under Okawaru
  1288 | D:11     | Reached skill level 13 in Invocations
  1333 | D:9      | Noticed a two-headed ogre
  1335 | D:9      | Your magical essence is drained by the effort!
  1336 | D:9      | Your magical essence is drained by the effort!
  1341 | D:9      | Killed a two-headed ogre
  1341 | D:9      | Received a gift from Okawaru
  1344 | D:9      | Found a shattered altar of Ashenzari.
  1367 | D:9      | Got a fine cloak
  1378 | D:9      | Identified the -1 cloak "Ogaguat" {rPois Regen+ Str-2
                  | Dex+3} (You found it on level 9 of the Dungeon)
  1432 | D:9      | Reached skill level 14 in Invocations
  1556 | D:10     | Noticed Joseph
  1601 | D:10     | Killed Joseph
  1601 | D:10     | Reached XP level 11. HP: 67/88 MP: 6/9
  1639 | D:10     | Reached skill level 15 in Invocations
  1644 | D:10     | Received a gift from Okawaru
  1649 | D:10     | Got a crystal arbalest {god gift}
  1686 | D:10     | Your magical essence is drained by the effort!
  1724 | D:11     | Noticed a green ugly thing
  1727 | D:11     | Noticed a skeletal warrior
  1737 | D:11     | Killed a green ugly thing
  1752 | D:11     | Killed a skeletal warrior
  1754 | D:11     | Noticed a skeletal warrior
  1756 | D:11     | Noticed a skeletal warrior
  1803 | D:10     | Killed a skeletal warrior
  1803 | D:10     | Reached skill level 16 in Invocations
  1853 | D:10     | Found a runed translucent gate.
  1853 | D:10     | Found a runed translucent gate.
  1853 | D:10     | Found a runed translucent gate.
  1857 | D:10     | Noticed Aksej's ghost (journeyman DsGl)
  1857 | D:10     | Noticed Vruhakk's ghost (novice GrFi)
  1884 | D:10     | Killed Vruhakk's ghost
  1912 | D:10     | Killed Aksej's ghost
  1912 | D:10     | Received a gift from Okawaru
  1924 | D:10     | Got a pair of heavily runed gloves {god gift}
  1935 | D:10     | Identified the +2 pair of gloves of Pragmatism {rF++}
                  | (Okawaru gifted it to you on level 10 of the Dungeon)
  2045 | D:9      | Noticed a death yak
  2049 | D:9      | Noticed a death yak
  2050 | D:9      | Noticed a death yak
  2061 | D:9      | Reached skill level 17 in Invocations
  2067 | D:9      | Killed a death yak
  2077 | D:9      | Killed a death yak
  2090 | D:9      | Killed a death yak
  2090 | D:9      | Reached skill level 18 in Invocations
  2104 | D:9      | Found a staircase to the Lair.
  2133 | Lair:1   | Entered Level 1 of the Lair of Beasts
  2187 | Lair:2   | Reached XP level 12. HP: 65/96 MP: 4/11
  2219 | Lair:2   | Received a gift from Okawaru
  2258 | Lair:2   | Your magical essence is drained by the effort!
  2306 | Lair:4   | Reached skill level 1 in Evocations
  2380 | Lair:4   | Found a hole to the Spider Nest.
  2399 | Lair:4   | Reached skill level 3 in Fighting
  2402 | Spider:1 | Entered Level 1 of the Spider Nest
  2418 | Spider:1 | Reached skill level 1 in Dodging
  2418 | Spider:1 | Reached skill level 19 in Invocations
  2423 | Spider:1 | Reached skill level 2 in Evocations
  2449 | Spider:2 | Reached skill level 4 in Shields
  2475 | Spider:2 | Found a runed translucent gate.
  2476 | Spider:2 | Found a runed translucent gate.
  2477 | Spider:2 | Found a runed translucent gate.
  2478 | Spider:2 | Noticed Rhoefr4077's ghost (journeyman PaAK)
  2490 | Spider:2 | Your magical essence is drained by the effort!
  2499 | Spider:3 | Noticed an entropy weaver
  2502 | Spider:3 | Noticed Nikola
  2510 | Spider:3 | Noticed an emperor scorpion
  2516 | Spider:2 | Reached skill level 3 in Evocations
  2546 | Spider:2 | Reached skill level 2 in Dodging
  2580 | Spider:3 | Reached skill level 4 in Armour
  2581 | Spider:3 | Reached skill level 4 in Fighting
  2583 | Spider:3 | Reached skill level 5 in Shields
  2584 | Spider:3 | Reached skill level 4 in Evocations
  2593 | Spider:3 | Noticed a ghost moth
  2617 | Spider:3 | Your magical essence is drained by the effort!
  2621 | Spider:3 | Received a gift from Okawaru
  2621 | Spider:3 | Reached skill level 5 in Evocations
  2626 | Spider:3 | Reached skill level 3 in Dodging
  2637 | Spider:3 | Reached skill level 6 in Shields
  2644 | Spider:3 | Your magical essence is drained by the effort!
  2650 | Spider:3 | Killed a ghost moth
  2650 | Spider:3 | Reached skill level 5 in Fighting
  2650 | Spider:3 | Reached XP level 13. HP: 99/109 MP: 0/8
  2681 | Spider:3 | HP: 4/109 [emperor scorpion (6)]
  2681 | Spider:3 | Slain by a jumping spider

Illustrated notes

Levels and vault maps discovered:
D:1:      lightli_arrival_flooded_house, layout_loops_ring, minmay_pentomino_p4
D:2:      layout_basic, marbit_many_paths, nicolae_underground_beach,
          uniq_sigmund
D:3:      layout_basic, nemelex_xobeh_ov_fountains_minmay,
          uniq_crazy_yiuf_cottage, uniq_natasha
D:4:      layout_basic, kennysheep_slug_shrine, trog_hazing_becter,
          uniq_eustachio
D:5:      layout_basic, old_standard_altar, minmay_temple_entry_poolview,
          kennysheep_minor_cross
D:6:      layout_basic, nicolae_overflow_crystal_walls,
          lemuel_coloured_pillars_altar,
          chequers_temple_overflow_statue_of_worship, zaba_anthole
D:7:      statuecave_lemuel, layout_loops_corners,
          nicolae_dithmenos_shadow_blocks
D:8:      layout_rooms, uniq_gastronok, uniq_maurice, uniq_harold, uniq_erica
D:9:      layout_basic, cheibrodos_ashenzari_chains, dpeg_lair_monsters,
          small_chamber_with_monster, minmay_holes, laboratory
D:10:     layout_stronghold, gammafunk_ghost_cemetery, uniq_joseph
D:11:     layout_basic, david_orc_2
Lair:1:   layout_loops_ring, st_stairs_4, infiniplex_staircase_pool
Lair:2:   layout_regular_city, st_stairs_5
Lair:3:   layout_gridlike, chequers_serial_rivers_micro_b
Lair:4:   layout_loops_ring, minmay_swamp_entry_swarm,
          nicolae_spider_entry_orb_guardian, chequers_serial_rivers_small_3,
          serial_bayou_crossing
Spider:1: layout_spider_delve
Spider:2: layout_chambers, gammafunk_ghost_necromancy, drop_trap
Spider:3: layout_spider_delve, uniq_nikola

Skill      XL: |  1  2  3  4  5  6  7  8  9 10 11 12 |
---------------+-------------------------------------+-----
Axes           | 3 5 7 8 9 12 13 | 13.0
Invocations    | 3 7 10 14 18 19 | 19.2
Evocations     | 5 |  5.8
Fighting       | 5 |  5.1
Dodging        | 3 |  3.3
Shields        | 6 |  6.2
Armour         | 4 |  4.8

Action                   |  1- 3 |  4- 6 |  7- 9 | 10-12 | 13-15 || total
-------------------------+-------+-------+-------+-------+-------++-------
Melee: War axe           |    45 |    83 |    94 |   637 |    15 ||   874
Invok: Heroism           |       |       |     2 |    13 |       ||    15
       Finesse           |       |       |       |     7 |       ||     7
 Abil: Heal Wounds       |     1 |     7 |    23 |    32 |     6 ||    69
Evoke: Wand              |       |       |     3 |     7 |       ||    10
       Phantom mirror    |       |       |       |     1 |       ||     1
  Use: Scroll            |       |     4 |       |     9 |       ||    13
       Potion            |       |       |     4 |     2 |       ||     6
 Stab: Paralysed         |       |       |       |     2 |       ||     2
Armor: Scale mail        |    30 |    28 |     2 |       |       ||    60
       Chain mail        |       |       |    55 |    65 |       ||   120
       Plate armour      |       |       |       |   237 |    59 ||   296
       Skin              |       |       |       |   129 |    76 ||   205
Dodge: Dodged            |    20 |    25 |    35 |   150 |    30 ||   260
Block: Kite shield       |    31 |    65 |    71 |   371 |    59 ||   597

Table legend: (Time is in decaauts)
 A = Elapsed time spent in this place.
 B = Non-inter-level travel time spent in this place.
 C = Inter-level travel time spent in this place.
 D = Time resting spent in this place.
 E = Time spent auto-exploring this place.
 F = Levels seen in this place.
 G = Mean time per level.
                   A        B        C        D        E       F      G
               +--------+--------+--------+--------+--------+-----+--------+
         Total |   2506 |   2488 |     18 |      0 |      0 |  18 |  139.2 |
       Dungeon |   2078 |   2060 |     18 |      0 |      0 |  11 |  188.9 |
          Lair |    225 |    225 |      0 |      0 |      0 |   4 |   56.2 |
   Spider Nest |    201 |    201 |      0 |      0 |      0 |   3 |   67.0 |
               +--------+--------+--------+--------+--------+-----+--------+

Top non-repeatable levels by time:
    D:10: 477 daAuts
     D:9: 304 daAuts
     D:8: 281 daAuts
     D:6: 253 daAuts
    D:11: 202 daAuts
     D:1: 149 daAuts
Spider:2: 106 daAuts
  Lair:4: 106 daAuts
     D:3: 105 daAuts
     D:4: 101 daAuts
     D:7: 98 daAuts
     D:5: 84 daAuts
Spider:3: 81 daAuts
  Lair:2: 76 daAuts
  Lair:1: 21 daAuts
